 Dungeon Crawl Stone Soup version 0.20.1-1-g8b1a95d (webtiles) character file.

28443 Ejeck the Carver (level 13, -1/123 HPs)
             Began as a Deep Dwarf Fighter on July 23, 2017.
             Was a High Priest of Okawaru.
             Slain by an orc priest
             ... wielding a +0 hand axe
              (6 damage)
             ... on level 2 of the Orcish Mines.
             The game lasted 01:40:19 (10883 turns).

Ejeck the Carver (Deep Dwarf Fighter)              Turns: 10883, Time: 01:40:20

Health: -1/123     AC: 14    Str: 23    XL:     13   Next: 9%
Magic:  8/9        EV: 13    Int: 10    God:    Okawaru [*****.]
Gold:   965        SH:  9    Dex: 13    Spells: 23/23 levels left

rFire    + . .     SeeInvis +   J - +9 scimitar (flame)
rCold    + . .     Gourm    .   c - +0 shield
rNeg     . . .     Faith    .   R - +3 scale mail {MR+}
rPois    .         Spirit   .   m - +1 helmet {SInv}
rElec    .         Reflect  .   F - scarf {rC+ rF+}
rCorr    .         Harm     +   (no gloves)
MR       ++...                  (no boots)
Stlth    +.........             b - amulet of harm
Regen    0.0/turn               e - ring of see invisible
MPRegen  0.2/turn               l - ring of magical power

@: about to teleport, non-regenerating
A: damage resistance, heal wounds, sense surroundings 2, no regeneration
a: Heal Wounds, Heroism, Finesse, Renounce Religion


You were on level 2 of the Orcish Mines.
You worshipped Okawaru.
Okawaru was extremely pleased with you.
You were not hungry.

You visited 2 branches of the dungeon, and saw 14 of its levels.

You collected 1126 gold pieces.
You spent 161 gold pieces at shops.

Inventory:

Hand Weapons
 J - a +9 scimitar of flaming (weapon)
 W - a +2 shortbow of freezing (quivered)
Armour
 c - a +0 shield (worn)
 m - a +1 helmet of see invisible (worn)
 r - a scarf of spirit shield
 F - a scarf of resistance (worn)
 R - a +3 scale mail of magic resistance (worn)
Jewellery
 b - an amulet of harm (around neck)
 e - a ring of see invisible (left hand)
 i - an uncursed ring of protection from fire
 l - a ring of magical power (right hand)
 N - an uncursed ring of ice
 S - an uncursed amulet of regeneration {unknown}
Wands
 a - a wand of disintegration (22/24)
 u - a wand of polymorph (6/24)
 y - a wand of flame (42/48)
 M - a wand of confusion (28/48)
 U - a wand of paralysis (12/24)
Scrolls
 f - a scroll of blinking {unknown}
 o - a scroll of vulnerability {unknown}
 p - a scroll of fear
 q - 5 scrolls of teleportation
 v - 6 scrolls of remove curse
 x - 3 scrolls of amnesia
 B - a scroll of acquirement {unknown}
 C - 2 scrolls of recharging
 D - a scroll of magic mapping
 E - a scroll of torment {unknown}
 G - 2 scrolls of holy word
Potions
 d - 3 potions of might
 g - 6 potions of curing
 k - 3 potions of cancellation
 t - 3 potions of agility {unknown}
 w - 3 potions of mutation {unknown}
 A - 2 potions of haste {unknown}
 H - 2 potions of lignification {unknown}
 Q - a potion of flight {unknown}
Miscellaneous
 T - a lamp of fire
 V - a phantom mirror
Comestibles
 h - 3 meat rations
 j - 8 fruits
 s - 4 royal jellies
 L - 2 bread rations


   Skills:
 + Level 10.3 Fighting
 * Level 12.5 Long Blades
 + Level 10.1 Armour
 + Level 10.0 Dodging
 - Level 3.2 Stealth
 - Level 3.4 Shields
 + Level 5.8 Spellcasting
 - Level 5.1 Invocations


You had 23 spell levels left.
You didn't know any spells.

Dungeon Overview and Level Annotations

Branches:
Dungeon (12/15)            Temple (0/1) D:5            Lair (0/6) D:9
    Orc (2/2) D:12            Elf (0/3) Orc:2

Altars:
Cheibriados
Dithmenos
Nemelex Xobeh
Okawaru
Qazlal
Xom
The Shining One
Beogh

Shops:
D:5 *

Portals:
Ice
Cave: Orc:1
Volcano: Orc:1


Innate Abilities, Weirdness & Mutations

You are resistant to damage.
You can heal yourself by infusing magical energy.
You passively map the area around you.
You do not regenerate.


Message History

You slash the orc high priest! You burn the orc high priest!
The orc high priest is heavily wounded.
You block the orc warrior's attack. The hellwing misses you. x2
The orc warrior closely misses you.
You barely miss the hellwing.
The hellwing is heavily wounded.
The orc warrior hits you with a hand axe of flaming!
* * * LOW HITPOINT WARNING * * *
The orc warrior burns you.
The orc high priest hits you with a mace.
You block the orc priest's attack. The hellwing misses you.
You riposte.
You hit the hellwing. You burn the hellwing.
The hellwing is severely wounded.
The hellwing closely misses you. The orc warrior barely misses you.
As you read the scroll of teleportation, it crumbles to dust.
You feel strangely unstable.
The orc warrior hits you with a hand axe of flaming.
The orc warrior burns you.
The orc priest hits you with a hand axe.
You die...

#....#...#....##..#
#.....).......##.##
#....#)..#....##.#
#........o....#######
#....#...#....# ##.#
##..o........## ##...
#...#...#...# ##....
##..4o.....## #.....
#o@#...#..# ##....
##oo4....## #.....
###o#.### #.....
..o..# #..... ##.#.##
#..... * .o....
#..... ,#.. #..*
#..... ....,..#*
#..... , #.o. ..*
##....


You could see 2 orc knights, an orc high priest, a hellwing, an ice devil, 2 orc
warriors and 3 orc priests.

Vanquished Creatures
  An orc warlord (Orc:2)
  Azrael (D:12)
  Fannar (D:11)
  Harold (Orc:1)
  The ghost of Kloppie the Impaler, a journeyman MfGl of Okawaru (D:10)
  2 two-headed ogres
  The ghost of vlindergert the Cleaver, a novice MiFi of Trog (D:8)
  Erica (D:8)
  Urug (D:11)
  An orc high priest (Orc:2)
  Sonja (D:11)
  An unseen horror (D:12)
  3 orc knights (Orc:2)
  An orc sorcerer (Orc:2)
  A cyclops (Orc:2)
  Joseph (D:8)
  A kobold demonologist (D:12)
  The ghost of vlindergert the Covered, an amateur MiFi (D:5)
  2 trolls (Orc:2)
  Prince Ribbit (D:5)
  The ghost of Knicklaso the Slasher, an amateur DsCK of Xom (D:3)
  6 slime creatures (D:12)
  4 hippogriffs
  Sigmund (D:6)
  A wyvern (D:12)
  A shadow (D:11)
  2 fire elementals (D:12)
  5 yaks (D:10)
  Grum (D:8)
  2 water elementals (D:12)
  A hungry ghost (D:12)
  6 vampire mosquitoes (D:12)
  A warg (Orc:2)
  4 hell hounds (D:12)
  A black bear (D:12)
  3 water moccasins
  14 ice beasts
  24 orc warriors
  4 phantoms
  4 sky beasts
  3 wolves (D:8)
  4 centaurs (D:12)
  11 ogres
  2 big kobolds
  9 bullfrogs
  A gnoll sergeant (D:8)
  A wyvern skeleton (D:7)
  3 scorpions
  11 wights
  4 killer bees (D:7)
  An electric eel (D:12)
  3 crimson imps
  5 howler monkeys
  2 centaur zombies (D:12)
  12 hounds
  A jelly (D:8)
  24 orc priests
  Crazy Yiuf (D:4)
  2 bullfrog skeletons
  5 iguanas
  20 orc wizards
  A centaur skeleton (D:8)
  6 worker ants
  A worker ant zombie (D:8)
  5 gnolls (D:8)
  9 adders
  7 shadow imps
  An ooze (D:3)
  An adder zombie (D:8)
  An adder skeleton (D:7)
  6 worms
  A dart slug (D:4)
  2 leopard geckos
  97 orcs
  5 giant cockroaches
  14 goblins
  7 hobgoblins
  11 jackals
  19 kobolds
  A quokka (D:5)
  A ball python (D:2)
  A ball python skeleton (D:3)
  7 bats
  4 frilled lizards
  2 leopard gecko skeletons
  A leopard gecko zombie (D:6)
  A quokka skeleton (D:7)
  A quokka zombie (D:6)
  6 rats
454 creatures vanquished.

Vanquished Creatures (others)
  A phantom (D:9)
  An orc wizard (D:12)
  An orc (D:12)
3 creatures vanquished.

Grand Total: 457 creatures vanquished

Notes
Turn   | Place    | Note
-------+----------+-------------------------------------------
     0 | D:1      | Ejeck the Deep Dwarf Fighter began the quest for the Orb.
     0 | D:1      | Reached XP level 1. HP: 20/20 MP: 1/1
   236 | D:1      | Reached XP level 2. HP: 24/27 MP: 2/2
   663 | D:2      | Reached skill level 3 in Long Blades
   663 | D:2      | Reached XP level 3. HP: 11/34 MP: 3/3
   777 | D:2      | Reached skill level 1 in Stealth
  1512 | D:3      | Reached XP level 4. HP: 38/42 MP: 4/4
  1545 | D:3      | Found an iron altar of Okawaru.
  1591 | D:3      | Became a worshipper of Warmaster Okawaru
  1733 | D:3      | Noticed Knicklaso's ghost (amateur DsCK)
  1759 | D:3      | Killed Knicklaso's ghost
  1759 | D:3      | Reached * piety under Okawaru
  1759 | D:3      | Reached skill level 4 in Long Blades
  1759 | D:3      | Reached skill level 5 in Armour
  1759 | D:3      | Reached XP level 5. HP: 38/50 MP: 4/4
  1759 | D:3      | Reached XP level 6. HP: 43/57 MP: 5/5
  1836 | D:3      | Reached ** piety under Okawaru
  2508 | D:4      | Found a shadowy altar of Dithmenos.
  2521 | D:4      | Reached XP level 7. HP: 63/63 MP: 5/5
  2626 | D:4      | Reached skill level 5 in Long Blades
  2626 | D:4      | Reached skill level 1 in Dodging
  2626 | D:4      | Reached skill level 1 in Invocations
  3061 | D:4      | Found a snail-covered altar of Cheibriados.
  3089 | D:4      | Found a runed door.
  3229 | D:4      | Noticed Crazy Yiuf
  3243 | D:4      | Killed Crazy Yiuf
  3293 | D:5      | Entered Level 5 of the Dungeon
  3308 | D:5      | Reached *** piety under Okawaru
  3327 | D:5      | Reached XP level 8. HP: 40/73 MP: 0/5
  3386 | D:5      | Found a staircase to the Ecumenical Temple.
  3515 | D:5      | Noticed Prince Ribbit
  3562 | D:5      | Noticed vlindergert's ghost (amateur MiFi)
  3596 | D:5      | Killed vlindergert's ghost
  3596 | D:5      | Reached skill level 6 in Long Blades
  3790 | D:5      | Found Cobull's Assorted Antiques.
  3797 | D:5      | Bought a dented platinum amulet for 115 gold pieces
  3797 | D:5      | Bought a scroll of identify for 46 gold pieces
  4102 | D:5      | Killed Prince Ribbit
  4102 | D:5      | Reached skill level 5 in Fighting
  4275 | D:6      | Noticed Sigmund
  4299 | D:6      | Killed Sigmund
  4312 | D:6      | Reached skill level 7 in Long Blades
  4394 | D:6      | Gained mutation: You passively map the area around you. [Deep Dwarf growth]
  4394 | D:6      | Reached XP level 9. HP: 75/81 MP: 7/7
  4459 | D:6      | Reached skill level 5 in Dodging
  4887 | D:6      | Found a sand-covered staircase.
  5509 | D:7      | Reached skill level 5 in Invocations
  5603 | D:7      | Reached **** piety under Okawaru
  5603 | D:7      | Reached skill level 8 in Long Blades
  5700 | D:7      | Found a shimmering altar of Xom.
  5815 | D:7      | Reached skill level 1 in Spellcasting
  6132 | D:8      | Noticed vlindergert's ghost (novice MiFi)
  6174 | D:8      | Killed vlindergert's ghost
  6174 | D:8      | Reached XP level 10. HP: 58/92 MP: 8/8
  6201 | D:8      | Noticed Grum
  6220 | D:8      | Killed Grum
  6247 | D:8      | Reached skill level 9 in Long Blades
  6482 | D:8      | Noticed Erica
  6498 | D:8      | Killed Erica
  6498 | D:8      | Reached ***** piety under Okawaru
  6626 | D:8      | Found a glowing golden altar of the Shining One.
  6639 | D:8      | Noticed Joseph
  6658 | D:8      | Killed Joseph
  6907 | D:9      | Found a staircase to the Lair.
  6976 | D:9      | Got an ancient leather armour
  6995 | D:9      | Found a stormy altar of Qazlal.
  7144 | D:9      | Identified the +0 leather armour of Dawn {Slay+2} (You found it on level 9 of the Dungeon)
  7328 | D:9      | Found a sparkling altar of Nemelex Xobeh.
  7417 | D:10     | Entered Level 10 of the Dungeon
  7535 | D:10     | Found a flagged portal.
  7623 | D:10     | Reached XP level 11. HP: 79/103 MP: 5/5
  7798 | D:10     | Noticed a two-headed ogre
  7803 | D:10     | Killed a two-headed ogre
  7803 | D:10     | Reached skill level 10 in Long Blades
  7880 | D:10     | Noticed Kloppie's ghost (journeyman MfGl)
  7911 | D:10     | Killed Kloppie's ghost
  8207 | D:11     | Noticed Urug
  8224 | D:11     | Killed Urug
  8251 | D:11     | Received a gift from Okawaru
  8304 | D:11     | Noticed Sonja
  8327 | D:11     | Killed Sonja
  8400 | D:11     | Noticed Fannar
  8407 | D:11     | Killed Fannar
  8754 | D:12     | Noticed a two-headed ogre
  8767 | D:12     | Killed a two-headed ogre
  8800 | D:12     | Reached skill level 11 in Long Blades
  8866 | D:12     | Noticed Azrael
  8894 | D:12     | Killed Azrael
  8894 | D:12     | Reached XP level 12. HP: 84/115 MP: 6/6
  9085 | D:12     | Received a gift from Okawaru
  9778 | D:12     | Reached skill level 5 in Spellcasting
  9814 | D:12     | Found a staircase to the Orcish Mines.
  9843 | Orc:1    | Entered Level 1 of the Orcish Mines
  9890 | Orc:1    | Found a frozen archway.
  9925 | Orc:1    | Noticed Harold
  9940 | Orc:1    | Killed Harold
  9940 | Orc:1    | Reached skill level 10 in Fighting
  9940 | Orc:1    | Reached skill level 12 in Long Blades
 10070 | Orc:1    | Found a dark tunnel.
 10155 | Orc:2    | Entered Level 2 of the Orcish Mines
 10318 | Orc:2    | Found a roughly hewn altar of Beogh.
 10327 | Orc:2    | Found a staircase to the Elven Halls.
 10572 | Orc:2    | Noticed an orc warlord
 10590 | Orc:2    | Killed an orc warlord
 10664 | Orc:2    | Reached skill level 10 in Armour
 10691 | Orc:2    | Noticed an orc high priest
 10718 | Orc:2    | Killed an orc high priest
 10718 | Orc:2    | Reached XP level 13. HP: 78/123 MP: 4/4
 10751 | Orc:2    | Reached skill level 10 in Dodging
 10882 | Orc:2    | HP: 5/123 [orc warrior/hand axe of flaming (14)]
 10883 | Orc:2    | Slain by an orc priest

Skill      XL: |  1  2  3  4  5  6  7  8  9 10 11 12 13 |
---------------+----------------------------------------+-----
Fighting       | 3 4 5 6 7 9 10 | 10.3
Long Blades    | 3 4 5 7 8 9 11 12 | 12.5
Stealth        | 1 2 3 |  3.2
Armour         | 4 5 6 7 9 10 | 10.1
Dodging        | 2 4 6 7 8 9 10 | 10.0
Invocations    | 2 4 5 |  5.1
Spellcasting   | 1 3 4 5 |  5.8
Shields        | |  3.4

Action                   |  1- 3 |  4- 6 |  7- 9 | 10-12 | 13-15 || total
-------------------------+-------+-------+-------+-------+-------++-------
Melee: Long sword        |   140 |   191 |   634 |    93 |       ||  1058
       Scimitar          |       |       |       |   591 |    40 ||   631
Invok: Heroism           |       |     2 |    12 |    13 |     1 ||    28
       Finesse           |       |       |       |    11 |     1 ||    12
 Abil: Heal Wounds       |       |     7 |    24 |    61 |    13 ||   105
Evoke: Wand              |       |       |       |     2 |       ||     2
  Use: Scroll            |     2 |     5 |     7 |    17 |     2 ||    33
       Potion            |     1 |       |       |       |     2 ||     3
  Eat: Bread ration      |     1 |     1 |     3 |     1 |       ||     6
       Meat ration       |       |       |       |     2 |       ||     2
       Royal jelly       |       |       |       |     1 |       ||     1
Armor: Scale mail        |    53 |    98 |    53 |    64 |    14 ||   282
       Plate armour      |       |       |   213 |   233 |       ||   446
Dodge: Dodged            |    42 |    49 |   180 |   312 |    44 ||   627
Block: Shield            |    61 |   105 |   316 |   341 |    35 ||   858
       Rpst.: Long sword |    12 |    10 |    75 |     8 |       ||   105
       Scimitar          |       |       |       |    76 |    14 ||    90
